 Dungeon Crawl Stone Soup version 0.20.0-10-g0535bb4 (webtiles) character file.

522 MTVSty1e the Chopper (level 7, -5/52 HPs)
             Began as a Vampire Gladiator on June 5, 2017.
             Slain by an ogre
             ... wielding a cursed -1 giant club
              (8 damage)
             ... on level 4 of the Dungeon on June 6, 2017.
             The game lasted 00:09:59 (4840 turns).

MTVSty1e the Chopper (Vampire Gladiator)            Turns: 4840, Time: 00:09:59

Health: -5/52      AC:  9    Str: 20    XL:     7   Next: 2%
Magic:  7/7        EV: 12    Int: 11    God:
Gold:   158        SH:  0    Dex: 21    Spells: 6/6 levels left

rFire    . . .     SeeInvis +   a - +0 war axe
rCold    + . .     Gourm    .   (no shield)
rNeg     + + .     Faith    .   l - +0 scale mail
rPois    +         Spirit   .   c - +0 helmet
rElec    .         Reflect  .   i - +1 cloak
rCorr    .         Harm     .   (no gloves)
MR       .....                  (no boots)
Stlth    +.........             o - amulet of regeneration
Regen    0.3/turn               n - +6 ring of dexterity
MPRegen  0.1/turn               (no ring)

@: mighty, regenerating slowly
A: fangs 3, see invisible, unbreathing
a: Bat Form


You were on level 4 of the Dungeon.
You were thirsty.

You visited 1 branch of the dungeon, and saw 4 of its levels.

You collected 158 gold pieces.

Inventory:

Hand Weapons
 a - a +0 war axe (weapon)
Missiles
 d - 3 throwing nets (quivered)
Armour
 b - a +0 leather armour
 c - a +0 helmet (worn)
 i - a +1 cloak (worn)
 l - a +0 scale mail (worn)
Jewellery
 n - a +6 ring of dexterity (left hand)
 o - an amulet of regeneration (around neck)
 p - an uncursed amulet of faith
Scrolls
 g - 2 scrolls of recharging
 j - a scroll of fear
 m - a scroll of remove curse
Potions
 e - 3 potions of blood
 f - a potion of heal wounds {unknown}
 h - a potion of berserk rage {unknown}
 k - a potion of curing


   Skills:
 + Level 3.4 Fighting
 * Level 6.6 Axes
 - Level 1.5 Throwing
 - Level 3.2 Dodging


You had 6 spell levels left.
You didn't know any spells.

Dungeon Overview and Level Annotations

Branches:
Dungeon (4/15)
 Temple: D:4-7

Altars:
Fedhas
Nemelex Xobeh
The Shining One


Innate Abilities, Weirdness & Mutations

You heal slowly.
You have razor-sharp teeth.
You have supernaturally acute eyesight. (SInv)
You can survive without breathing.


Message History

The ogre is lightly wounded.
The ogre barely misses you.
You barely miss the ogre.
The ogre is lightly wounded.
The ogre hits you with a giant club!
You completely miss the ogre.
The ogre is lightly wounded.
The ogre completely misses you.
You hit the ogre but do no damage.
The ogre is lightly wounded.
The ogre hits you with a giant club!
* * * LOW HITPOINT WARNING * * *
You feel very mighty all of a sudden.
You slash the ogre!
The ogre is moderately wounded.
The ogre closely misses you.
You slash the ogre!
The ogre is severely wounded.
The ogre hits you with a giant club!
You die...

#.#........)))
#.##.#.####.#.#..
..##.#...........
#.##.#.####.#.### . #
#.##...# #.#.#
..###.##.##.#.####.#..
...................####
#.....##..#.#.#.......
#.O@........######
#...........#...#
............#...#
#######...###...# #...#
##.)# #.... ..# #.####
... ... ..## .#


You could see an ogre.

Vanquished Creatures
  An ogre (D:3)
  A crimson imp (D:4)
  A hound (D:3)
  An orc priest (D:4)
  Crazy Yiuf (D:2)
  Natasha (D:4)
  Terence (D:3)
  3 orc wizards (D:4)
  6 adders
  2 worms
  2 leopard geckos
  10 orcs
  A ball python (D:2)
  7 bats
  7 giant cockroaches
  10 goblins
  8 hobgoblins
  15 jackals
  3 quokkas (D:3)
  5 frilled lizards
  3 goblin skeletons (D:4)
  2 goblin zombies (D:4)
  A hobgoblin zombie (D:4)
  8 kobolds
  A kobold skeleton (D:4)
  A kobold zombie (D:4)
  An orc skeleton (D:4)
  3 orc zombies (D:4)
  7 rats
113 creatures vanquished.

Notes
Turn   | Place    | Note
-------+----------+-------------------------------------------
     0 | D:1      | MTVSty1e the Vampire Gladiator began the quest for the Orb.
     0 | D:1      | Reached XP level 1. HP: 16/16 MP: 1/1
    13 | D:1      | Reached skill level 3 in Axes
   164 | D:1      | Reached XP level 2. HP: 11/22 MP: 2/2
   828 | D:1      | Reached XP level 3. HP: 10/27 MP: 3/3
  1376 | D:2      | Reached skill level 4 in Axes
  2228 | D:2      | Reached XP level 4. HP: 33/33 MP: 4/4
  2434 | D:2      | Found a runed door.
  2994 | D:2      | Noticed Crazy Yiuf
  3000 | D:2      | Killed Crazy Yiuf
  3000 | D:2      | Reached skill level 5 in Axes
  3335 | D:3      | Reached XP level 5. HP: 32/38 MP: 5/5
  3341 | D:3      | Found a sparkling altar of Nemelex Xobeh.
  3341 | D:3      | Found a blossoming altar of Fedhas.
  3420 | D:3      | Noticed Terence
  3430 | D:3      | Killed Terence
  4080 | D:3      | Noticed an ogre
  4088 | D:3      | Killed an ogre
  4088 | D:3      | Reached skill level 6 in Axes
  4088 | D:3      | Reached XP level 6. HP: 43/46 MP: 6/6
  4454 | D:4      | Found a glowing golden altar of the Shining One.
  4620 | D:4      | Noticed Natasha
  4658 | D:4      | Killed Natasha
  4673 | D:4      | Reached XP level 7. HP: 16/52 MP: 7/7
  4837 | D:4      | HP: 2/52 [ogre/giant club (15)]
  4840 | D:4      | Slain by an ogre

Skill      XL: |  1  2  3  4  5  6 |
---------------+-------------------+-----
Axes           | 3 4 5 6 |  6.6
Fighting       | 2 3 |  3.4
Throwing       | |  1.5
Dodging        | |  3.2

Action                   |  1- 3 |  4- 6 |  7- 9 || total
-------------------------+-------+-------+-------++-------
Melee: War axe           |   140 |   198 |    10 ||   348
       Bite              |    15 |    29 |     1 ||    45
  Use: Scroll            |       |     7 |       ||     7
       Potion            |       |     1 |     1 ||     2
 Stab: Distracted        |     1 |     1 |       ||     2
       Sleeping          |     2 |       |       ||     2
  Eat: Corpse            |     3 |     5 |       ||     8
Armor: Leather armour    |    49 |    33 |       ||    82
       Scale mail        |       |    56 |       ||    56
Dodge: Dodged            |   102 |   123 |     5 ||   230
